Match 46003310
Unlisted

Match 46003310
End
Kettenkrad Recon Vehicle
Construct Infanterie Kompanie
MG 42 Machine Gun Team
Grenadier Squad
Construct Luftwaffe Kompanie
MG 42 Machine Gun Team
Selects Mechanized Battlegroup
Jäger Squad
Medical Station
Support Elements
Marder III M Tank Destroyer
Selects Raid Package
Selects Spotting Scopes
Medical Bunker
Jäger Squad
Construct Panzer Kompanie
MG 42 Machine Gun Team
Panzer IV Medium Tank
Selects StuG Assault Group
Selects UNKNOWN (2160084)
Side Skirts
MG 42 Machine Gun Team
Marder III M Tank Destroyer
Pioneer Squad
Selects Wespe Self-propelled Artillery
Stoßtruppen Squad
Grenadier Squad
PIX3L_BOX
lunsn1per
saruman
Cuttlefish
Brick_man
Interloper
DaMerkKid
huhrmit
0
0

Comments sign in to comment!

No comments posted yet!